 Dungeon Crawl Stone Soup version 0.29-a0-284-gf9362112df (webtiles) character file.

Game seed: 16233867080405876924

21 Zonian the Chiller (level 2, -13/19 HPs)
             Began as a Demonspawn Ice Elementalist on Mar 22, 2022.
             Mangled by an ogre
             ... wielding a +0 giant spiked club
              (18 damage)
             ... on level 4 of the Dungeon.
             The game lasted 00:01:42 (2455 turns).

Zonian the Chiller (Demonspawn Ice Elementalist)    Turns: 2455, Time: 00:01:43

Health: -13/19     AC:  2    Str:  8    XL:     2   Next: 65%
Magic:  5/5        EV: 12    Int: 16    God:
Gold:   91         SH:  0    Dex: 15    Spells: 4/5 levels left

rFire   . . .      SeeInvis .   g - +0 dagger
rCold   . . .      Faith    .   (no shield)
rNeg    . . .      Spirit   .   a - +0 robe
rPois   .          Reflect  .   (no helmet)
rElec   .          Harm     .   (no cloak)
rCorr   .          Rampage  .   (no gloves)
Will    .....                   (no boots)
Stlth   +++.......              (no amulet)
HPRegen 0.06/turn               (no ring)
MPRegen 0.09/turn               (no ring)

@: no status effects
A: thin skeletal structure 1
a: no special abilities


You were on level 4 of the Dungeon.
You visited 1 branch of the dungeon, and saw 3 of its levels.

You collected 91 gold pieces.

Inventory:

Hand Weapons
 g - a +0 dagger (weapon)
Missiles
 d - 3 javelins
Armour
 a - a +0 robe (worn)
Scrolls
 e - a scroll of teleportation {unknown}
 h - 2 scrolls of identify {unknown}
 i - a scroll of amnesia {unknown}
Potions
 b - 2 potions of magic
 c - a potion of ambrosia {unknown}
 f - a potion of curing {unknown}


   Skills:
 + Level 2.1 Dodging
 + Level 2.2 Stealth
 + Level 2.2 Spellcasting
 + Level 3.8 Ice Magic


You had 4 spell levels left.
You knew the following spells:

 Your Spells              Type           Power      Damage    Failure   Level
a - Freeze                Ice            56%        1d7       4%          1

Your spell library contained the following spells:

 Spells                   Type           Power      Damage    Failure   Level
 Frozen Ramparts          Ice            28%        1d4       13%         3
 Ozocubu's Armour         Ice            14%        N/A       13%         3
 Hailstorm                Conj/Ice       7%         3d4       67%         4


Dungeon Overview and Level Annotations

Branches:
Dungeon (2/15)

Altars:


Innate Abilities, Weirdness & Mutations

You have a somewhat thin skeletal structure. (Dex +2, Stealth+)


Message History

The ball python is severely wounded.
The hobgoblin shouts!
You hear an angry growl.
The ball python barely misses you. The ball python constricts you.
The ball python barely misses you. The ball python constricts you.
Unknown command.
You freeze the ball python.
You kill the ball python!
Unknown command.
Casting: Freeze (safe; 4% risk of failure)
Confirm with . or Enter, or press ? or * to list all spells.
Aiming: Freeze (safe; 4% risk of failure)
Press: ? - help, Shift-Dir - straight line, f - ogre
Aim: an ogre, wielding a +0 giant spiked club You freeze the ogre.
The ogre is lightly wounded.
The ogre barely misses you. The hobgoblin barely misses you.
Unknown command.
Casting: Freeze (safe; 4% risk of failure)
Confirm with . or Enter, or press ? or * to list all spells.
Aiming: Freeze (safe; 4% risk of failure)
Press: ? - help, Shift-Dir - straight line, f/p - ogre
Aim: an ogre, wielding a +0 giant spiked club (lightly wounded)
You freeze the ogre.
The ogre is lightly wounded.
The hobgoblin hits you.
Unknown command.
Casting: Freeze (safe; 4% risk of failure)
Confirm with . or Enter, or press ? or * to list all spells.
Aiming: Freeze (safe; 4% risk of failure)
Press: ? - help, Shift-Dir - straight line, f/p - ogre
Aim: an ogre, wielding a +0 giant spiked club (lightly wounded)
You freeze the ogre.
The ogre is moderately wounded.
The ogre hits you with a +0 giant spiked club!
The hobgoblin barely misses you. Magic courses through your body.
The hobgoblin hits you.
* * * LOW HITPOINT WARNING * * *
The ogre hits you with a +0 giant spiked club!!
Ouch! That really hurt!
You die...

### .........#####
.........##...
............# ≈
........#.#O### ≈S
#......#.....#.##
#......##..OS...#
#####g.....####.###..
#...@O......!........
#...#......###.....#.
#####............#...
####.........###.
#.........#
###########


You could see an ogre and a hobgoblin.

Vanquished Creatures
  4 endoplasms
  2 hobgoblins (D:1)
  4 kobolds (D:1)
  2 quokkas (D:1)
  3 ball pythons
  3 goblins (D:1)
18 creatures vanquished.

Notes
Turn   | Place    | Note
-------+----------+-------------------------------------------
     0 | D:1      | Zonian the Demonspawn Ice Elementalist began the quest for
                  | the Orb.
     0 | D:1      | Reached XP level 1. HP: 13/13 MP: 3/3
   614 | D:1      | Gained mutation: You have a somewhat thin skeletal
                  | structure. (Dex +2, Stealth+) [demonic ancestry]
   614 | D:1      | Reached XP level 2. HP: 5/19 MP: 0/5
  2432 | D:2      | You fall into a shaft and drop 2 floors!
  2434 | D:4      | Noticed an ogre
  2455 | D:4      | Mangled by an ogre

Illustrated notes

Levels and vault maps discovered:
D:1:      nzn_arrival_settlement, layout_loops_corners, roderic_lattice_a
D:2:      layout_loops_ring
D:4:      layout_rooms, serial_rivers, chequers_serial_rivers_small_b,
          chequers_serial_rivers_small_3, chequers_serial_rivers_large_b,
          chequers_serial_rivers_micro_a, chequers_serial_rivers_micro_e,
          uniq_menkaure, uniq_edmund, uniq_robin

Skill      XL: |  1 |
---------------+----+-----
Stealth        | 2 |  2.2
Dodging        | 2 |  2.1
Spellcasting   | |  2.2
Ice Magic      | |  3.8

Action                   || total
-------------------------++-------
Melee: Dagger            ||    13
       Unarmed           ||     2
 Cast: Freeze            ||    33
  Use: Potion            ||     1
 Stab: Sleeping          ||     4
Armor: Robe              ||     2
Dodge: Dodged            ||    26

Table legend: (Time is in decaauts)
 A = Elapsed time spent in this place.
 B = Non-inter-level travel time spent in this place.
 C = Inter-level travel time spent in this place.
 D = Time resting spent in this place.
 E = Time spent auto-exploring this place.
 F = Levels seen in this place.
 G = Mean time per level.
                   A        B        C        D        E       F      G
               +--------+--------+--------+--------+--------+-----+--------+
         Total |   2454 |   2429 |     25 |   1080 |   1147 |   3 |  818.0 |
       Dungeon |   2454 |   2429 |     25 |   1080 |   1147 |   3 |  818.0 |
               +--------+--------+--------+--------+--------+-----+--------+

Top non-repeatable levels by time:
     D:1: 2411 daAuts
     D:4: 22 daAuts
     D:2: 19 daAuts
